 Dungeon Crawl Stone Soup version 0.31.0-11-ge490571c62 (webtiles) character file.

Game seed: 8866103599756059548

148 qw the Skirmisher (level 5, -3/29 HPs)
             Began as a Deep Elf Hunter on Feb 3, 2024.
             Killed by divine providence
             ... invoked by an orc priest
              (13 damage)
             ... on level 3 of the Dungeon.
             The game lasted 00:00:06 (2119 turns).

qw the Skirmisher (Deep Elf Hunter)                 Turns: 2119, Time: 00:00:07

Health: -3/29      AC:  3    Str: 13    XL:     5   Next: 8%
Magic:  0/7        EV: 12    Int: 14    God:
Gold:   150        SH:  0    Dex: 18    Spells: 4/4 levels left

rFire   . . .        a - +0 shortbow
rCold   . . .        (shield currently unavailable)
rNeg    . . .        c - +0 leather armour
rPois   .            (no helmet)
rElec   .            (no cloak)
rCorr   .            (no gloves)
SInv    .            (no boots)
Will    .....        b - amulet "Naimoho" {Spirit Str+3}
Stlth   ++           (no ring)
HPRegen 0.24/turn    (no ring)
MPRegen 0.10/turn

%: guardian spirit
@: no status effects
A: no striking features
a: no special abilities


You were on level 3 of the Dungeon.
You visited 1 branch of the dungeon, and saw 3 of its levels.

You collected 180 gold pieces.
You spent 30 gold pieces at shops.


   Skills:
 - Level 1.5 Fighting
 - Level 8.4 Ranged Weapons
 + Level 2.5 Dodging
 - Level 1.2 Stealth


You had 4 spell levels left.
You didn't know any spells.
Your spell library was empty.

Inventory:

Hand Weapons
 a - a +0 shortbow (weapon)
Armour
 c - a +0 leather armour (worn)
 l - a +0 ring mail
Jewellery
 b - the amulet "Naimoho" (around neck) {Spirit Str+3}
   (You found it on level 2 of the Dungeon)

   [amulet of guardian spirit]

   Spirit:    It causes incoming damage to be divided between your reserves of
   health and magic.
   Str+3:     It affects your strength (+3).
 e - a ring of protection from cold
Wands
 d - a wand of polymorph (2)
 f - a wand of charming (12)
Scrolls
 h - a scroll of enchant armour
 j - a scroll of identify
Potions
 g - a potion of mutation
 i - a potion of curing
 k - 2 potions of lignification {unknown}
 m - a potion of enlightenment {unknown}

Dungeon Overview and Level Annotations

Branches:
Dungeon (3/15)

Altars:
Sif Muna

Shops:
D:1 !


Message History

You kill the orc!
You shoot an arrow. The arrow hits the orc!
You kill the orc!
You shoot an arrow.
The arrow closely misses the orc wizard.
The orc wizard casts a spell at you. You resist with some effort.
You shoot an arrow. The arrow hits the orc wizard.
The orc wizard is lightly wounded.
The orc wizard casts a spell at you. You resist with some effort.
A goblin comes into view. It is wielding a +0 club.
The goblin shouts!
You shoot an arrow.
The arrow closely misses the orc wizard.
You shoot an arrow. The arrow barely misses the orc wizard.
The orc wizard gestures at you while chanting.
The puff of flame hits you.
The orc priest calls upon Beogh to heal the orc wizard.
The orc wizard's wounds heal themselves!
You shoot an arrow.
The arrow closely misses the orc priest.
You shoot an arrow. The arrow hits the orc priest!
The orc priest is heavily wounded.
The orc wizard casts a spell.
The orc wizard flickers and vanishes!
Deactivating autopickup; reactivate with Ctrl-A.
The orc priest mumbles some strange prayers to Beogh against you.
Beogh smites you!
You shoot an arrow. The arrow hits the orc priest.
The orc priest is almost dead.
The orc priest mumbles some strange prayers to Beogh against you.
Beogh smites you!
You shoot an arrow. The arrow hits the goblin!
You kill the goblin!
You shoot an arrow. The arrow hits the orc priest.
The orc priest is almost dead.
The orc priest mumbles some strange prayers to Beogh against you.
Beogh smites you!
You die...

..# ..# ... ..### ) ..
..... .. ). ..... ... .##
..### .... .. ..#
.....#)### ..# .....o...#
.... #@.# ###.. #.## #.
##.# # ##..# ... #..######
###. #....##.##....#
######## ....#
..............###......###
.....
##...##.#.........####...#
...# #..
##.#............###..


You could see an orc priest.

Vanquished Creatures
  A scorpion (D:3)
  2 adders
  A dart slug (D:2)
  4 orcs (D:3)
  6 ball pythons
  2 bats
  8 endoplasms
  2 giant cockroaches
  8 goblins
  A hobgoblin (D:1)
  8 kobolds
  5 quokkas
  7 frilled lizards
  2 rats
57 creatures vanquished.

Notes
Turn   | Place    | Note
-------+----------+-------------------------------------------
     0 | D:1      | qw the Deep Elf Hunter began the quest for the Orb.
     0 | D:1      | Reached XP level 1. HP: 12/12 MP: 3/3
     0 | D:1      | 0 ||| qw: Version: 0.3-a-158-g18b3111
     0 | D:1      | 0 ||| qw: Game counter: 4227
     0 | D:1      | 0 ||| qw: Melee chars always use a shield: true
     0 | D:1      | 0 ||| qw: God list: Okawaru
     0 | D:1      | 0 ||| qw: Allow faded altars: false
     0 | D:1      | 0 ||| qw: Do Orc after clearing Dungeon:15 true
     0 | D:1      | 0 ||| qw: Do second Lair branch before Depths: true
     0 | D:1      | 0 ||| qw: Lair rune preference: random
     0 | D:1      | 0 ||| qw: Goals: Normal
     0 | D:1      | 0 ||| PLANNING D:1-11
   141 | D:1      | Reached XP level 2. HP: 16/16 MP: 4/4
   180 | D:1      | Reached skill level 6 in Ranged Weapons
   718 | D:1      | Found Qocketan's Distillery.
   724 | D:1      | Reached XP level 3. HP: 20/20 MP: 5/5
   737 | D:1      | 737 ||| SHOPLISTING 2 potions of enlightenment (100 gold,
                  | have 61).
   737 | D:1      | 737 ||| SHOPLISTING 2 potions of heal wounds (100 gold,
                  | have 61).
   737 | D:1      | 737 ||| SHOPLISTING 2 potions of mutation (160 gold, have
                  | 61).
   737 | D:1      | 737 ||| SHOPLISTING potion of cancellation (80 gold, have
                  | 61).
   737 | D:1      | 737 ||| BUYING potion of curing (30 gold).
   737 | D:1      | Bought a potion of curing for 30 gold pieces
   737 | D:1      | 737 ||| SHOPLISTING potion of heal wounds (50 gold, have
                  | 31).
   737 | D:1      | 737 ||| SHOPLISTING potion of resistance (100 gold, have
                  | 31).
   873 | D:1      | 873 ||| READING scroll labelled SONTOCK ZATZ.
   874 | D:1      | 874 ||| READING 4 scrolls labelled LECEUFEONT.
   874 | D:1      | 874 ||| IDENTIFYING fizzy golden potion
   875 | D:1      | 875 ||| READING 3 scrolls of identify.
   875 | D:1      | 875 ||| IDENTIFYING murky coppery potion
   876 | D:1      | 876 ||| READING 2 scrolls of identify.
   876 | D:1      | 876 ||| IDENTIFYING scroll labelled EBBYSH WEZAB
   877 | D:1      | 877 ||| DROPPING scroll of butterflies.
   878 | D:1      | 878 ||| DROPPING potion of berserk rage.
   903 | D:2      | Identified the amulet "Naimoho" {Spirit Str+3}
  1205 | D:2      | Reached skill level 7 in Ranged Weapons
  1767 | D:2      | 1767 ||| UPGRADING to amulet "Naimoho" {Spirit Str+3}.
  1772 | D:2      | 1772 ||| READING 2 scrolls of identify.
  1772 | D:2      | 1772 ||| IDENTIFYING clear potion
  1773 | D:2      | 1773 ||| READING scroll of identify.
  1773 | D:2      | 1773 ||| IDENTIFYING scroll labelled WIPEED ZUDYAFF
  1774 | D:2      | 1774 ||| DROPPING scroll of poison.
  1775 | D:2      | 1775 ||| DROPPING potion of attraction.
  1880 | D:3      | Reached XP level 4. HP: 25/25 MP: 6/6
  1943 | D:3      | Found a shimmering blue altar of Sif Muna.
  2049 | D:3      | Noticed a scorpion
  2056 | D:3      | Killed a scorpion
  2057 | D:3      | Reached skill level 8 in Ranged Weapons
  2057 | D:3      | Reached XP level 5. HP: 29/29 MP: 7/7
  2119 | D:3      | Killed from afar by an orc priest

Levels and vault maps discovered:
D:1:      lemuel_arrival_tunnels, layout_basic, serial_forest,
          infiniplex_forest_corner_2, infiniplex_forest_lined_3_way,
          infiniplex_forest_lined_3_way, infiniplex_forest_corner_1,
          infiniplex_forest_end_1, infiniplex_forest_corner_1,
          infiniplex_forest_clump_double, serial_shops,
          nicolae_shop_industrial_runoff, fountainhead,
          minmay_shallow_snake_nest
D:2:      layout_loops_corners, item_on_display_a
D:3:      layout_rooms, mainiacjoe_overflow_concentric_impassable,
          minmay_misc_feat_cross

Skill      XL: |  1  2  3  4 |
---------------+-------------+-----
Ranged Weapons | 6 7 8 |  8.4
Fighting       | |  1.5
Dodging        | |  2.5
Stealth        | |  1.2

Action                     |  1- 3 |  4- 6 || total
---------------------------+-------+-------++-------
   Fire: Shortbow          |   103 |    38 ||   141
    Use: Scroll            |     6 |       ||     6
 Armour: Leather armour    |    17 |     3 ||    20
  Dodge: Dodged            |    17 |     5 ||    22

Table legend:
 A = Non-vault XP
 B = Vault XP
 C = Vault XP percentage of total XP
 D = Non-vault monster count
 E = Vault monster count
 F = Vault count percentage of total count
                 A         B        C        D         E       F
            +---------+---------+-------+---------+---------+-------
      Total |     210 |       2 |   0.9 |      56 |       1 |   1.8
            +---------+---------+-------+---------+---------+-------
        D:1 |      40 |       2 |   4.8 |      24 |       1 |   4.0
        D:2 |      34 |       0 |   0.0 |      12 |       0 |   0.0
        D:3 |     136 |       0 |   0.0 |      20 |       0 |   0.0
            +---------+---------+-------+---------+---------+-------
